 Dungeon Sprint DCSS version 0.17-a0-1570-g74b7129 (webtiles) character file.

570 tt080 the Gusty (level 7, -2/32 HPs)
             Began as a Vine Stalker Air Elementalist on July 23, 2015.
             Was a Believer of Sif Muna.
             Slain by an orc warrior
             ... wielding a +0 trident
              (16 damage)
             ... in the Dungeon (Sprint IX: "|||||||||||||||||||||||||||||").
             The game lasted 00:04:17 (311 turns).

tt080 the Gusty (Vine Stalker Air Elementalist)      Turns: 311, Time: 00:04:17

Health: -2/32      AC:  4    Str: 11    XL:     7   Next: 34%
Magic:  0/18       EV: 18    Int: 17    God:    Sif Muna [**....]
Gold:   0          SH:  0    Dex: 17    Spells: 4 memorised, 10 levels left

rFire  . . .     SeeInvis .     o - staff of energy
rCold  . . .     Clarity  .     a - +0 robe
rNeg   . . .     SustAt   .     (no shield)
rPois  .         Gourm    .     q - +0 helmet
rElec  .         Spirit   +     (no cloak)
rCorr  .         Warding  .     (no gloves)
rMut   .         NoTele   +     r - +0 pair of boots
MR     .....                    (no amulet)
Stlth  ++........               t - +3 ring of dexterity
                                s - +2 ring of evasion

@: repel missiles, not resistant to hostile enchantments, unstealthy
A: fangs 2, regeneration 2, magic shield, antimagic bite, no device heal 3, rot
immunity
a: Channel Energy, Forget Spell, Renounce Religion


You were in the Dungeon.
You worshipped Sif Muna.
Sif Muna was pleased with you.
You were not hungry.

You visited 1 branch

Inventory:

Hand weapons
 p - the +4 quarterstaff "Ittoxusu" {holy, *Rage rElec MP+9 Int+3}
   (You found it in the Dungeon)

   It has been blessed by the Shining One to cause great damage to the undead
   and demons.
   It affects your intelligence (+3).
   It insulates you from electricity.
   It affects your magic capacity (+9).
   It may make you go berserk in combat.
Armour
 a - a +0 robe (worn)
 q - a +0 helmet (worn)
 r - a +0 pair of boots (worn)
Magical staves
 o - an uncursed staff of energy (weapon)
Jewellery
 s - a +2 ring of evasion (left hand)
 t - a +3 ring of dexterity (right hand)
Magical devices
 n - a wand of draining (3)
Scrolls
 i - a scroll of blinking
 l - 3 scrolls of remove curse
 m - 2 scrolls of amnesia
Potions
 d - 5 potions of curing
 e - 3 potions of heal wounds
 g - 4 potions of magic
 h - a potion of berserk rage
 k - a potion of invisibility
Books
 b - a book of Air

   Spells                             Type                      Level
   a - Shock                          Conjuration/Air              1
   b - Swiftness                      Charms/Air                   2
   c - Repel Missiles                 Charms/Air                   2
   d - Static Discharge               Conjuration/Air              3
   e - Lightning Bolt                 Conjuration/Air              5
Comestibles
 c - a bread ration
 j - 2 chunks of flesh


   Skills:
 + Level 5.9 Dodging
 - Level 2.4 Stealth
 + Level 7.2 Spellcasting
 + Level 6.8 Conjurations
 + Level 7.6 Air Magic
 * Level 6.7 Invocations


You had 10 spell levels left.
You knew the following spells:

 Your Spells              Type           Power        Failure   Level  Hunger
a - Shock                 Conj/Air       ####         1%          1    None
b - Lightning Bolt        Conj/Air       ####......   17%         5    None
c - Swiftness             Chrm/Air       ###.....     3%          2    None
d - Repel Missiles        Chrm/Air       ###...       3%          2    None


Dungeon Overview and Level Annotations

Branches:
Dungeon (1/1)

Altars:
Cheibriados
Dithmenos
Elyvilon
Fedhas
Gozag
Kikubaaqudgha
Makhleb
Nemelex Xobeh
Okawaru
Qazlal
Ru
Sif Muna
Trog
Vehumet
Xom
Yredelemnul
Zin
The Shining One
Beogh
Jiyva
Lugonu


Innate Abilities, Weirdness & Mutations

You have extremely sharp teeth.
You heal very quickly.
When hurt, damage is shared between your health and your magic reserves.
Your bite disrupts and absorbs the magic of your enemies.
Potions and wands cannot restore your health.
You are immune to rotting.


Message History

Confirm with . or Enter, or press ? or * to list all spells.
Aiming: Lightning Bolt
Press: ? - help, Shift-Dir - straight line, f/p - orc warrior
Aim: an orc warrior, wielding a trident and wearing a plate armour You hear a mighty clap of thunder!
The bolt of lightning hits the orc warrior.
The orc warrior is lightly wounded.
* * * LOW MAGIC WARNING * * *
Use which ability? (? or * to list)
You channel some magical energy.
You feel somewhat more hungry.
The orc warrior hits you from afar with a trident!!
* * * LOW MAGIC WARNING * * *
Ouch! That really hurt!
* * * LOW HITPOINT WARNING * * *
Use which ability? (? or * to list)
You channel some magical energy.
You feel somewhat more hungry.
The orc warrior hits you from afar with a trident!!
* * * LOW MAGIC WARNING * * *
Ouch! That really hurt!
You die... ▓▓▓▓▓▓▓▓▓▓▓▓▓▓▓▓▓▓▓▓▓▓▓▓▓▓▓▓▓▓▓▓▓ .....'__________@_o________'o..). ▓▓▓▓▓▓▓▓▓▓▓▓▓▓▓▓▓▓▓▓▓▓▓▓▓▓▓▓▓▓▓▓▓

You could see an orc warrior.

Vanquished Creatures
  A wraith (D)
  An ice beast (D)
  An orc warrior (D)
  An ogre (D)
  A big kobold (D)
  A hound (D)
  An iguana (D)
  An adder (D)
  An adder skeleton (D)
  An orc (D)
  3 bats (D)
  2 giant cockroaches (D)
15 creatures vanquished.

Notes
Turn   | Place    | Note
--------------------------------------------------------------
     0 | D        | tt080 the Vine Stalker Air Elementalist began the quest for the Orb.
     0 | D        | Reached XP level 1. HP: 9/9 MP: 4/4
    61 | D        | Noticed a hound
    61 | D        | Noticed an ogre
    76 | D        | Reached skill level 4 in Air Magic
    76 | D        | Reached XP level 2. HP: 11/13 MP: 0/7
    83 | D        | Killed a hound
    83 | D        | Reached XP level 3. HP: 8/16 MP: 1/9
    84 | D        | Killed an ogre
    84 | D        | Reached skill level 5 in Spellcasting
    84 | D        | Reached skill level 5 in Air Magic
    84 | D        | Reached XP level 4. HP: 10/21 MP: 0/12
    84 | D        | Reached XP level 5. HP: 11/24 MP: 0/13
   105 | D        | Found a glowing silver altar of Zin.
   105 | D        | Found a glowing golden altar of the Shining One.
   105 | D        | Found an ancient bone altar of Kikubaaqudgha.
   105 | D        | Found a basalt altar of Yredelemnul.
   105 | D        | Found a shimmering altar of Xom.
   105 | D        | Found a radiant altar of Vehumet.
   106 | D        | Found an iron altar of Okawaru.
   107 | D        | Found a burning altar of Makhleb.
   108 | D        | Found a deep blue altar of Sif Muna.
   109 | D        | Found a bloodstained altar of Trog.
   110 | D        | Found a sparkling altar of Nemelex Xobeh.
   111 | D        | Found a white marble altar of Elyvilon.
   112 | D        | Found a roughly hewn altar of Beogh.
   113 | D        | Found a viscous altar of Jiyva.
   114 | D        | Found a corrupted altar of Lugonu.
   115 | D        | Found a blossoming altar of Fedhas.
   116 | D        | Became a worshipper of Sif Muna the Loreminder
   117 | D        | Found a snail-covered altar of Cheibriados.
   118 | D        | Found a shadowy altar of Dithmenos.
   119 | D        | Found a stormy altar of Qazlal.
   120 | D        | Found an opulent altar of Gozag.
   121 | D        | Found a sacrificial altar of Ru.
   139 | D        | Got the +4 quarterstaff "Ittoxusu" {holy, *Rage rElec MP+9 Int+3}
   168 | D        | Learned a level 5 spell: Lightning Bolt
   171 | D        | Learned a level 2 spell: Swiftness
   174 | D        | Learned a level 2 spell: Repel Missiles
   174 | D        | Noticed a wraith
   174 | D        | Noticed a big kobold
   174 | D        | Noticed an orc warrior
   174 | D        | Noticed an ice beast
   174 | D        | Noticed an iguana
   174 | D        | Noticed an orc warrior
   181 | D        | Killed a big kobold
   181 | D        | Reached skill level 5 in Conjurations
   181 | D        | Reached skill level 6 in Air Magic
   181 | D        | Killed an orc warrior
   181 | D        | Acquired Sif Muna's first power
   181 | D        | Reached skill level 5 in Dodging
   181 | D        | Gained mutation: You heal very quickly. [Vine Stalker growth]
   181 | D        | Reached XP level 6. HP: 14/28 MP: 3/16
   182 | D        | Killed an ice beast
   182 | D        | Reached skill level 7 in Air Magic
   182 | D        | Reached skill level 5 in Invocations
   182 | D        | Killed an iguana
   182 | D        | Acquired Sif Muna's second power
   276 | D        | Killed a wraith
   276 | D        | Reached XP level 7. HP: 29/32 MP: 2/18
   311 | D        | Slain by an orc warrior

Vault maps used:
D:        linesprint

Action                   |  1- 3 |  4- 6 |  7- 9 || total
-------------------------+-------+-------+-------++-------
Melee: Unarmed           |    11 |       |       ||    11
       Staff             |       |     1 |       ||     1
 Cast: Shock             |    11 |     4 |       ||    15
       Repel Missiles    |       |     1 |       ||     1
       Swiftness         |       |     1 |       ||     1
       Lightning Bolt    |       |     3 |     4 ||     7
Invok: Channel Energy    |       |     5 |     4 ||     9
Evoke: Wand              |       |     4 |       ||     4
  Use: Scroll            |       |     1 |       ||     1
       Potion            |       |     1 |       ||     1
